Unix NetHack Version 5.0.0-0 post-release - last build Jul 19 2026 19:10:59 (3aa4ab31751d3886436d94b585a96704892fd477,branch:main).

Game began 2026-07-28 16:17:04, ended 2026-07-28 16:47:47.

ChoHag, neutral male human Tourist

                                                                         ----
                                                                         ...--
                                                                       ......|
                                                                   - ........
                                                        ---------- ....
                                                  -#   G#.G)f)@<...-
                                                       |..h..-------
                                                       -.....|
                                                      |..--.--
                                                      -.  ---
                                                      .
                                                     --

ChoHag the Rambler          St:11 Dx:14 Co:13 In:12 Wi:8 Ch:18  Neutral S:323
Dlvl:5  $:0  HP:0(10) Pw:3(3) AC:4  Xp:1/17 T:1616  Hungry  

Latest messages:
 You read: "[l ?rctn".
 Joe bites the gnome lord.
 The gnome lord swings his thonged club at Joe.
 The gnome lord misses Joe.
 The hobbit throws a runed dagger!
 The runed dagger misses the gnome lord.
 The runed dagger hits Joe.
 You hear crashing rock.
 Joe misses the gnome lord.
 Joe bites the gnome lord.
 The gnome lord swings his thonged club at Joe.
 The gnome lord hits Joe.
 The gnome lord throws a thonged club!
 The thonged club misses Joe.
 A thonged club misses you.
 The thonged club returns to the gnome lord's hand!
 The gnome lord throws a thonged club!
 The thonged club hits Joe.
 You see here a runed dagger.
 m - a runed dagger.
 It bites the gnome lord.
 The gnome lord is killed!
 It misses the hobbit.
 Something is written here in the dust.
 You read: "[|  r??r".
 You hear some noises.
 You hear some noises in the distance.
 The hobbit picks up a bow.
 You hear crashing rock.
 Joe bites the hobbit.
 The hobbit is killed!
 The dwarf tries to wield a crossbow.
 The dwarf's dagger is welded to his hand!
 Joe eats a hobbit corpse.
 You swap places with Joe.
 What do you want to write with? [- amnF or ?*] -
 You write in the dust with your fingertip.
 What do you want to write in the dust here? Elbereth
 o - 2 blue gems.
 The arrow hits the dwarf.
 You are beginning to feel hungry.
 Something is written here in the dust.
 You read: "Elbereth".
 The dwarf turns to flee.
 The gnome shoots an arrow!
 You are hit by an arrow!
 The gnome shoots an arrow!
 The arrow misses Joe.
 You are hit by an arrow!
 You die...

Inventory:
 Weapons  (')')
  a - 9 +2 darts (at the ready)
  m - a +0 elven dagger
  n - a +0 long sword (weapon in right hand)
 Armor    ('[')
  c - an uncursed +0 orcish helm (being worn)
  g - an uncursed +0 chain mail (being worn)
 Potions  ('!')
  j - an uncursed potion of healing
 Tools    ('(')
  b - an uncursed bag of holding containing 20 items
  k - an uncursed skeleton key
  l - an expensive camera (0:95)
  F - an uncursed towel
  U - an uncursed brass lantern
  V - an uncursed leash
 Gems/Stones  ('*')
  o - 2 uncursed worthless pieces of blue glass

Contents of the bag of holding:
  270 gold pieces
  12 +2 darts
  8 +0 darts
  14 cursed +0 darts
  a blessed poisoned +0 dart
  a +0 orcish dagger
  an uncursed cheese
  a cursed cheese
  an uncursed cram ration
  4 uncursed food rations
  an uncursed lembas wafer
  2 uncursed tripe rations
  an uncursed tin of lichen
  an uncursed scroll of amnesia
  4 uncursed scrolls of magic mapping
  an uncursed scroll of remove curse
  2 uncursed potions of extra healing
  a cursed potion of extra healing
  an uncursed +2 ring of increase damage
  an uncursed oil lamp

ChoHag the Tourist's attributes:

Background:
 You were a Rambler, a level 1 male human Tourist.
 You were neutral, on a mission for The Lady
 who was opposed by Blind Io (lawful) and Offler (chaotic).
 You were right-handed.
 You were in the Gnomish Mines, on level 5.
 You entered the dungeon 1616 turns ago.
 You had 17 experience points, 3 more were needed to attain level 2.
 Your score was 323 before end-of-game adjustments.

Basics:
 You had 0 out of 10 hit points.
 You had all 3 energy points (spell power).
 Your armor class was 4.
 Your wallet was empty, but
 you had 270 zorkmids stashed away in your pack.
 Autopickup was on for '$!/?"+=' plus thrown.

Final Characteristics:
 Your strength was 11 (limit:18/100).
 Your dexterity was 14 (limit:18).
 Your constitution was 13 (limit:18).
 Your intelligence was 12 (limit:18).
 Your wisdom was 8 (limit:18).
 Your charisma was 18 (limit:18).

Final Status:
 You were hungry.
 You were unencumbered.
 You were wielding a long sword.
 You were unskilled in long sword.

Final Attributes:
 You were nominally aligned.
 You were warded.
 You were unlucky.
 You are dead.

Miscellaneous:
 You didn't encounter any bones levels.
 Total elapsed playing time was 30 minutes and 42 seconds.

Major events:
 Turn
    1: ChoHag the neutral male human Tourist entered the dungeon
 1484: entered the Gnomish Mines
 1616: killed by an arrow

You didn't know any spells.

Skills:
 Fighting Skills
   bare handed combat [Unskilled]
   two weapon combat  [Unskilled]
   riding             [Unskilled]
 Weapon Skills
   dagger             [Unskilled]
   knife              [Unskilled]
   axe                [Unskilled]
   pick-axe           [Unskilled]
   short sword        [Unskilled]
   broadsword         [Unskilled]
   long sword         [Unskilled]
   two-handed sword   [Unskilled]
   saber              [Unskilled]
   mace               [Unskilled]
   morning star       [Unskilled]
   flail              [Unskilled]
   hammer             [Unskilled]
   quarterstaff       [Unskilled]
   polearms           [Unskilled]
   spear              [Unskilled]
   trident            [Unskilled]
   lance              [Unskilled]
   bow                [Unskilled]
   sling              [Unskilled]
   crossbow           [Unskilled]
   dart               [Basic]
   shuriken           [Unskilled]
   boomerang          [Unskilled]
   whip               [Unskilled]
   unicorn horn       [Unskilled]
 Spellcasting Skills
   divination spells  [Unskilled]
   enchantment spells [Unskilled]
   escape spells      [Unskilled]

Voluntary challenges:
 Character rerolling was not enabled.
 You never hit with a wielded weapon.
 You never genocided any monsters.
 You never polymorphed an object.
 You never changed form.
 You used no wishes.
Achievements:
 You entered a shop.
 You entered the Gnomish Mines.

 The Dungeons of Doom: levels 1 to 4
    Level 1:
       Some fountains.
    Level 2: "vault 1455"
    Level 3: "vault, stash"
       A tool shop, some altars, a grave.
    Level 4: "shop"
       A potion shop.
       Stairs down to The Gnomish Mines.
 The Gnomish Mines:
    Level 5: <- You were here.
       Final resting place for
          you, killed by an arrow.


Vanquished creatures:
  a gnome leader
  a hobbit
  a large kobold
  a red mold
  3 gnomes
  2 geckos
  7 jackals
  4 goblins
  a grid bug
  a bat
  4 lichens
  2 kobold zombies
  4 newts
32 creatures vanquished.

No species were genocided or became extinct.

Game over:
                       ----------
                      /          \
                     /    REST    \
                    /      IN      \
                   /     PEACE      \
                  /                  \
                  |      ChoHag      |
                  |      270 Au      |
                  |   killed by an   |
                  |      arrow       |
                  |                  |
                  |                  |
                  |       2026       |
                 *|     *  *  *      | *
        _________)/\\_//(\/(/\)/\//\/|_)_______

Aloha ChoHag the Tourist...

You died in The Gnomish Mines on dungeon level 5 with 318 points,
and 270 pieces of gold, after 1616 moves.
You were level 1 with a maximum of 10 hit points when you died.

